 Dungeon Crawl Stone Soup version 0.25-a0-471-g78e40d7af6 (webtiles) character file.

Game seed: 16486017429813335805, levelgen mode: deterministic

101 Elellon the Conjurer (level 4, 0/24 HPs)
             Began as a Deep Elf Conjurer on Feb 6, 2020.
             Slain by an adder (3 damage)
             ... on level 2 of the Dungeon.
             The game lasted 00:02:46 (2241 turns).

Elellon the Conjurer (Deep Elf Conjurer)            Turns: 2241, Time: 00:02:46

Health: 0/24       AC:  2    Str:  6    XL:     4   Next: 48%
Magic:  1/13       EV: 13    Int: 20    God:
Gold:   92         SH:  0    Dex: 15    Spells: 10/13 levels left

rFire    . . .     SeeInvis .   f - +2 dagger (venom)
rCold    . . .     Gourm    .   (no shield)
rNeg     . . .     Faith    .   a - +0 robe
rPois    .         Spirit   .   (no helmet)
rElec    .         Reflect  .   (no cloak)
rCorr    .         Harm     .   (no gloves)
MR       .....                  (no boots)
Stlth    ++........             (no amulet)
HPRegen  0.08/turn              (no ring)
MPRegen  0.13/turn              (no ring)

@: no status effects
A: no striking features
a: no special abilities


You were on level 2 of the Dungeon.
You were not hungry.

You visited 1 branch of the dungeon, and saw 3 of its levels.

You collected 92 gold pieces.

Inventory:

Hand Weapons
 f - a +2 dagger of venom (weapon)
Armour
 a - a +0 robe (worn)
Wands
 k - a wand of iceblast (5)
Scrolls
 b - a scroll of remove curse {unknown}
 e - 4 scrolls of identify {unknown}
Potions
 d - 2 potions of heal wounds {unknown}
 h - 3 potions of curing {unknown}
 i - a potion of lignification {unknown}
 j - a potion of might {unknown}
Comestibles
 c - 6 rations


   Skills:
 - Level 2.4 Dodging
 - Level 2.4 Stealth
 + Level 5.0 Spellcasting
 + Level 5.5 Conjurations


You had 10 spell levels left.
You knew the following spells:

 Your Spells              Type           Power        Failure   Level  Hunger
a - Magic Dart            Conj           ####         1%          1    None
b - Searing Ray           Conj           ####..       1%          2    None

Your spell library contained the following spells:

 Spells                   Type           Power        Failure   Level  Hunger
 Dazzling Flash           Conj/Hex       ###...       11%         3    ##.....
 Fulminant Prism          Conj/Hex       ###.......   36%         4    ####...
 Iskenderun's Mystic Bla  Conj/Tloc      ###.....     36%         4    ####...


Dungeon Overview and Level Annotations

Branches:
Dungeon (3/15)

Altars:
Hepliaklqana
Ru


Message History

The goblin shoots a stone.
The stone hits you but does no damage. The adder bites you but does no damage.
The goblin barely misses you. The adder misses you.
The adder completely misses you. The adder bites you but does no damage.
The hobgoblin closely misses you.
A goblin comes into view. It is wielding a +0 dagger.
The goblin shouts!
The goblin shoots a stone.
The stone misses you. The goblin barely misses you.
The hobgoblin hits you with a +0 club.
There is a stone staircase leading up here.
The adder closely misses you.
The goblin shoots a stone.
The stone barely misses you.
The stone closely misses the goblin.
The goblin hits you but does no damage. x2; The adder bites you.
The hobgoblin misses you.
You climb upwards.
There is a stone staircase leading down here.
The adder bites you but does no damage. The goblin closely misses you.
The hobgoblin hits you with a +0 club.
* * * LOW HITPOINT WARNING * * *
The adder bites you.
You die...

####### ##.....##
##.......##
#.........####
#............######
#.gg...............
#g.S.........##..##
#.@...>...........#
##......####.####.#
#.......##.....##.#
##.......#.......#.#
#........#.......#.#
#............_......
#...<....#.......#..
#........#.......#..
#...รท....##.....##..


You could see an adder, a hobgoblin and 2 goblins.

Vanquished Creatures
  Robin (D:3)
  4 adders (D:2)
  2 worms (D:2)
  A dart slug (D:1)
  2 leopard geckos
  6 bats
  2 giant cockroaches
  6 goblins
  3 hobgoblins
  4 jackals (D:1)
  3 kobolds
  A quokka (D:2)
  2 ball pythons
  2 frilled lizards
  5 rats
44 creatures vanquished.

Notes
Turn   | Place    | Note
-------+----------+-------------------------------------------
     0 | D:1      | Elellon the Deep Elf Conjurer began the quest for the Orb.
     0 | D:1      | Reached XP level 1. HP: 10/10 MP: 6/6
   240 | D:1      | Reached XP level 2. HP: 15/15 MP: 0/8
   312 | D:1      | Learned a level 2 spell: Searing Ray
  1254 | D:2      | Reached skill level 5 in Conjurations
  1254 | D:2      | Reached XP level 3. HP: 19/19 MP: 1/10
  1433 | D:2      | Found a hazy altar of Hepliaklqana.
  1731 | D:2      | Reached XP level 4. HP: 24/24 MP: 5/12
  2005 | D:2      | Found a sacrificial altar of Ru.
  2170 | D:3      | Noticed Robin
  2208 | D:3      | Killed Robin
  2208 | D:3      | Reached skill level 5 in Spellcasting
  2241 | D:2      | Slain by an adder

Levels and vault maps discovered:
D:1:      lemuel_arrival_cross, layout_basic
D:2:      layout_rooms, lemuel_coloured_pillars_altar, old_standard_altar,
          grunt_decor_cap
D:3:      layout_basic, uniq_robin, uniq_natasha

Skill      XL: |  1  2  3  4 |
---------------+-------------+-----
Spellcasting   | 4 5 |  5.0
Conjurations   | 5 |  5.5
Dodging        | |  2.4
Stealth        | |  2.4

Action                   |  1- 3 |  4- 6 || total
-------------------------+-------+-------++-------
Melee: Dagger            |       |     2 ||     2
 Cast: Magic Dart        |    65 |    30 ||    95
       Searing Ray       |     1 |       ||     1
  Eat: Chunk             |     2 |     2 ||     4
Armor: Robe              |       |     4 ||     4
Dodge: Dodged            |     4 |    16 ||    20

Table legend:
 A = Non-vault XP
 B = Vault XP
 C = Vault XP percentage of total XP
 D = Non-vault monster count
 E = Vault monster count
 F = Vault count percentage of total count
                 A         B        C        D         E       F
            +---------+---------+-------+---------+---------+-------
      Total |     118 |      27 |  18.6 |      37 |       7 |  15.9
            +---------+---------+-------+---------+---------+-------
        D:1 |      29 |       0 |   0.0 |      16 |       0 |   0.0
        D:2 |      86 |       0 |   0.0 |      20 |       0 |   0.0
        D:3 |       3 |      27 |  90.0 |       1 |       7 |  87.5
            +---------+---------+-------+---------+---------+-------
